 Dungeon Crawl Stone Soup version 0.31-a0-1074-g0b22e4e0f1 (webtiles) character file.

Game seed: 14450036228369332757

6532 Firecrotchwizard the Grappler (level 10, 0/90 HPs)
             Began as a Grey Draconian Shapeshifter on Dec 4, 2023.
             Was a High Priest of Okawaru.
             Slain by a chaos spawn (2 damage)
             ... summoned by a kobold demonologist
             ... on level 10 of the Dungeon.
             The game lasted 00:20:45 (8670 turns).

Firecrotchwizard the Grappler (DrSh)                Turns: 8670, Time: 00:20:45

Health: 0/90       AC:  4    Str: 21    XL:     10   Next: 69%
Magic:  13/14      EV: 15    Int: 11    God:    Okawaru [*****.]
Gold:   456        SH:  0    Dex: 16    Spells: 9/9 levels left

rFire   . .          .
                       - Unarmed
rCold   . . .        (no shield)
rNeg    . . .        (body armour unavailable)
rPois   .            (helmet currently unavailable)
rElec   .            (cloak currently unavailable)
rCorr   .            (gloves currently unavailable)
SInv    .            (boots currently unavailable)
Will    .....        u - amulet of regeneration
Stlth   +++          y - +6 ring of dexterity
HPRegen 1.15/turn    w - +4 ring of protection
MPRegen 0.14/turn

%: no passive effects
@: lethally poisoned (0 -> 0), beast-form, heroic, corroded
A: beast (slay +4), AC +12, amphibious, unfitting armour, cold-blooded
a: Begin Untransformation, Renounce Religion, Heroism, Finesse, Duel


You were on level 10 of the Dungeon.
You worshipped Okawaru.
Okawaru was extremely pleased with you.
You were a hulking beast.
You visited 2 branches of the dungeon, and saw 11 of its levels.

You collected 456 gold pieces.

Inventory:

Missiles
 f - a throwing net {@!f}
 n - 47 poisoned darts
 o - 2 darts of dispersal
 z - a silver javelin
Jewellery
 e - a ring of see invisible
 q - a ring of protection from fire
 u - an amulet of regeneration (around neck)
 w - a +4 ring of protection (right hand)
 y - a +6 ring of dexterity (left hand)
Talismans
 b - a beast talisman
 c - a flux talisman
Wands
 l - a wand of flame (59)
 r - a wand of charming (8)
Scrolls
 g - 2 scrolls of blinking
 i - a scroll of identify
 m - a scroll of poison
 s - a scroll of amnesia
 t - 6 scrolls of teleportation
Potions
 a - 2 potions of lignification
 d - a potion of brilliance {unknown}
 h - 2 potions of might
 j - 7 potions of curing
 k - 2 potions of heal wounds {unknown}
 p - 3 potions of attraction
 v - 2 potions of ambrosia
 x - 3 potions of resistance {unknown}


   Skills:
 + Level 8.6(13.6) Fighting
 - Level 1.7(6.7) Dodging
 - Level 11.1(16.1) Unarmed Combat
 + Level 6.1 Invocations
 + Level 7.8 Shapeshifting


You had 9 spell levels left.
You didn't know any spells.
Your spell library contained the following spells:

 Spells                   Type           Power      Damage    Failure   Level
 Necrotise                Necr           0%         1d4       34%         1
 Cigotuvi's Dreadful Rot  Necr/Pois/Air  0%         N/A       47%         2
 Ensorcelled Hibernation  Hex/Ice        0%         N/A       47%         2
 Jinxbite                 Hex            0%         N/A       47%         2
 Scorch                   Fire           0%         2d5       47%         2
 Vampiric Draining        Necr           0%         2d6       71%         3
 Volatile Blastmotes      Fire/Tloc      0%         2d10      71%         3
 Anguish                  Hex/Necr       0%         N/A       98%         4
 Dispel Undead            Necr           0%         3d6       98%         4
 Flame Wave               Conj/Fire      0%         2d4       98%         4
 Fulminant Prism          Conj/Hex       0%         3d5       98%         4
 Iskenderun's Mystic Bla  Conj/Tloc      0%         2d3       98%         4
 Passage of Golubria      Tloc           0%         N/A       98%         4
 Agony                    Necr           0%         N/A       100%        5
 Yara's Violent Unravell  Hex/Tmut       0%         3d3       100%        5
 Orb of Destruction       Conj           0%         9d5       100%        7
 Summon Guardian Golem    Hex/Summ       Unusable   N/A       N/A         3
 Tukima's Dance           Hex            Unusable   N/A       N/A         3
 Death Channel            Necr           Unusable   N/A       N/A         6
 Summon Cactus Giant      Summ           Unusable   N/A       N/A         6
 Spellforged Servitor     Conj/Summ      Unusable   N/A       N/A         7

Dungeon Overview and Level Annotations

Branches:
Dungeon (10/15)            Temple (1/1) D:5
   Lair: D:8-11         Orc: D:9-12

Altars:
Ashenzari
Dithmenos
Elyvilon
Fedhas
Gozag
Hepliaklqana
Kikubaaqudgha
Makhleb
Nemelex Xobeh
Okawaru
Qazlal
Ru
Trog
Uskayaw
Vehumet
Wu Jian
Xom
Yredelemnul
Zin
The Shining One

Shops:
D:6 !

Annotations:
D:3 2 runed translucent doors
D:10 Grum


Innate Abilities, Weirdness & Mutations

You are a hulking beast.
Your limbs bulge with bestial killing power. (Slay +4)
Your dull iron-grey scales are very hard. (AC +12)
You are amphibious.
You cannot fit into any form of body armour.
You are cold-blooded and may be slowed by cold attacks.


Message History

The shadow is heavily damaged.
The shadow slips into darkness.
The shadow flickers and vanishes!
Deactivating autopickup; reactivate with Ctrl-A.
The orc hits you with a +0 flail. The orc warrior closely misses you.
The shadow strikes at you from the darkness!
Reactivating autopickup.
The orc warrior hits you but does no damage.
You climb upwards.
There is a stone staircase leading down here.
You punch the shadow!
Your tail-slap misses the shadow.
The shadow is almost destroyed.
The shadow hits you.
You punch the shadow!
You destroy the shadow!
Okawaru accepts your kill.
You start resting.
HP restored.
You climb downwards.
Level annotation: Grum The kobold demonologist mumbles some strange words.
The orc closely misses you. The rust devil hits you.
The rust devil corrodes you!
There is a stone staircase leading up here.
You gain the combat prowess of a mighty hero.
The kobold demonologist hits you but does no damage.
The orc misses you. The rust devil hits you. The rust devil corrodes you!
The chaos spawn gores you.
You are poisoned.
The chaos spawn poisons you!
You hit the rust devil but do no damage.
You feel very sick.
The kobold demonologist gestures wildly while chanting.
The orc misses you. The orc hits you with a +0 flail.
The rust devil misses you.
You barely miss the kobold demonologist.
You feel sick. The chaos spawn closely misses you.
The kobold demonologist mumbles some strange words.
The orc misses you. The orc hits you with a +0 flail!
You miss the kobold demonologist.
You tail-slap the kobold demonologist, but do no damage.
You feel sick.
The shadow imp disappears in a puff of smoke!
The rust devil hits you. The rust devil corrodes you!
The chaos spawn gores you. The chaos spawn freezes you!
The kobold demonologist hits you but does no damage.
The orc misses you.
The orc warrior hits you from afar with a +0 trident!
* * * LOW HITPOINT WARNING * * *
The orc hits you with a +0 flail!
* * * LOW HITPOINT WARNING * * *
You hit the kobold demonologist but do no damage.
You feel sick. The rust devil hits you.
* * * LOW HITPOINT WARNING * * *
The rust devil corrodes you!
Unknown command.
You punch the kobold demonologist!
The kobold demonologist is moderately wounded.
You feel sick. The chaos spawn closely misses you.
The kobold demonologist barely misses you.
The orc hits you but does no damage. The orc closely misses you.
The orc warrior hits you but does no damage.
The shadow imp hits you but does no damage.
You hit the kobold demonologist.
The kobold demonologist is heavily wounded.
You feel sick. The rust devil misses you.
The chaos spawn completely misses you.
The kobold demonologist completely misses you.
The orc hits you with a +0 flail.
* * * LOW HITPOINT WARNING * * *
The orc warrior barely misses you. The kobold hits you but does no damage.
The orc hits you with a +0 flail.
* * * LOW HITPOINT WARNING * * *
You punch the kobold demonologist!
The kobold demonologist is severely wounded.
The shadow imp hits you.
* * * LOW HITPOINT WARNING * * *
The rust devil barely misses you.
You closely miss the kobold demonologist.
The kobold demonologist is severely wounded.
You feel sick.
The chaos spawn gores you but does no damage.
The kobold demonologist hits you but does no damage.
The orc misses you. The orc hits you with a +0 flail.
* * * LOW HITPOINT WARNING * * *
The orc warrior misses you. The kobold barely misses you.
The shadow imp hits you but does no damage.
You hit the kobold demonologist but do no damage.
The kobold demonologist is severely wounded.
You feel sick. The rust devil hits you. The rust devil corrodes you!
The chaos spawn completely misses you.
The kobold demonologist completely misses you.
The orc hits you with a +0 flail.
* * * LOW HITPOINT WARNING * * *
The orc warrior misses you. The kobold closely misses you. The orc misses you.
You barely miss the kobold demonologist.
The kobold demonologist is severely wounded.
You feel sick. The shadow imp barely misses you. The rust devil hits you!
* * * LOW HITPOINT WARNING * * *
The rust devil corrodes you! The chaos spawn hits you.
You die...

##..h.. ....## ...
....gW ..... ..
..... ....# .. .
#.... ...##.##W.
#.h.. #......... #<#
o5...............#
###oo............##K
#.Kh45........[.. #K
##45K.............3.
##.................
...............##.
#.............. #.
####..... .. ..
##..# #.#


You could see a rust devil (summoned), a kobold demonologist, a chaos spawn
(summoned), a wraith, an orc warrior, an iron imp (summoned), a white imp
(summoned), a shadow imp (summoned), 2 orcs and a kobold.

Vanquished Creatures
  Maggie (D:8)
  A troll (D:9)
  A hornet (D:9)
  Prince Ribbit (D:6)
  A shadow (D:9)
  A vampire (D:9)
  10 yaks
  A steam dragon (D:7)
  2 water moccasins
  2 orc warriors
  Duvessa (D:4)
  An ice beast (D:5)
  An ogre (D:6)
  A sky beast (D:7)
  A black bear (D:6)
  3 centaurs
  5 kobold brigands
  A phantom (D:6)
  4 bullfrogs
  4 wights (D:8)
  2 gnoll sergeants
  2 scorpions (D:5)
  17 killer bees
  Dowan (D:3)
  An electric eel (D:9)
  A jelly (D:3)
  A gnoll bouda (D:8)
  2 orc priests
  2 hounds
  5 sleepcaps
  An iguana (D:4)
  4 orc wizards
  11 gnolls
  5 adders
  A shadow imp (D:8)
  2 white imps (D:6)
  2 ufetubi (D:6)
  3 worms
  A dart slug (D:4)
  17 orcs
  4 ball pythons
  7 endoplasms
  2 giant cockroaches
  6 hobgoblins
  8 jackals (D:2)
  9 bats
  3 frilled lizards (D:2)
  6 goblins
  18 kobolds
  6 rats
193 creatures vanquished.

Notes
Turn   | Place    | Note
-------+----------+-------------------------------------------
     0 | D:1      | Firecrotchwizard the Draconian Shapeshifter began the quest
                  | for the Orb.
     0 | D:1      | Reached XP level 1. HP: 16/16 MP: 1/1
   510 | D:1      | Reached XP level 2. HP: 23/23 MP: 2/2
   921 | D:2      | Reached XP level 3. HP: 24/29 MP: 3/3
  1053 | D:2      | Reached skill level 4 in Unarmed Combat
  1334 | D:3      | Reached XP level 4. HP: 35/36 MP: 4/4
  1526 | D:3      | Found a faded altar of an unknown god.
  1531 | D:3      | Found a shimmering altar of Xom.
  1839 | D:3      | Found a large runed translucent door.
  1840 | D:3      | Found a large runed translucent door.
  2274 | D:4      | Reached XP level 5. HP: 38/44 MP: 5/5
  2505 | D:4      | Noticed Duvessa
  2505 | D:4      | Noticed Dowan
  2575 | D:4      | Killed Duvessa
  2576 | D:4      | Reached skill level 5 in Unarmed Combat
  2587 | D:3      | Killed Dowan
  2588 | D:3      | Reached XP level 6. HP: 38/51 MP: 6/6
  3354 | D:5      | Entered Level 5 of the Dungeon
  3438 | D:5      | Found a staircase to the Ecumenical Temple.
  3447 | Temple   | Entered the Ecumenical Temple
  3467 | Temple   | Became a worshipper of Warmaster Okawaru
  3513 | D:5      | Noticed an ice beast
  3521 | D:5      | Killed an ice beast
  3522 | D:5      | Reached skill level 6 in Unarmed Combat
  3522 | D:5      | Your scales start taking on a dull iron-grey colour.
  3522 | D:5      | Reached XP level 7. HP: 47/59 MP: 7/7
  4130 | D:6      | Reached * piety under Okawaru
  4208 | D:6      | Reached skill level 7 in Unarmed Combat
  4208 | D:6      | Reached skill level 5 in Shapeshifting
  4223 | D:6      | Reached skill level 5 in Fighting
  4227 | D:6      | Reached XP level 8. HP: 68/68 MP: 8/8
  4279 | D:6      | Found a sparkling altar of Nemelex Xobeh.
  4388 | D:6      | Noticed Prince Ribbit
  4396 | D:6      | Killed Prince Ribbit
  4396 | D:6      | Reached ** piety under Okawaru
  4433 | D:6      | Reached skill level 8 in Unarmed Combat
  4736 | D:6      | Found Woocuit's Distillery.
  5062 | D:7      | Reached skill level 1 in Invocations
  5428 | D:7      | Reached XP level 9. HP: 56/75 MP: 10/10
  5598 | D:7      | Reached skill level 9 in Unarmed Combat
  5908 | D:7      | Reached *** piety under Okawaru
  6043 | D:8      | Noticed Maggie
  6724 | D:8      | Killed Maggie
  6725 | D:8      | Reached skill level 10 in Unarmed Combat
  7221 | D:8      | Reached **** piety under Okawaru
  7226 | D:8      | Reached XP level 10. HP: 77/86 MP: 13/13
  7453 | D:9      | Reached skill level 5 in Invocations
  7558 | D:9      | Reached ***** piety under Okawaru
  7581 | D:9      | Reached skill level 11 in Unarmed Combat
  7816 | D:9      | Found a basalt altar of Yredelemnul.
  7817 | D:9      | Found a sacrificial altar of Ru.
  8404 | D:9      | Received a gift from Okawaru
  8568 | D:10     | Entered Level 10 of the Dungeon
  8568 | D:10     | Noticed Grum
  8602 | D:10     | Noticed a sun demon
  8652 | D:10     | Noticed a rust devil
  8670 | D:10     | HP: 2/90 [rust devil[a kobold demonologist] (10)]
  8670 | D:10     | Slain by a chaos spawn

Illustrated notes

Levels and vault maps discovered:
D:1:      roderic_crossed_star, layout_basic, patterned_corridor
D:2:      layout_rooms, minmay_split_cup_small
D:3:      layout_basic, nicolae_overflow_ecumenical_swirl,
          jmf_multi_god_temple2, minmay_misc_feat_x
D:4:      layout_basic, uniq_duvessa
D:5:      layout_loops_ring, temple_hall, dreamdust_princess_bridge
D:6:      wander_river, layout_cave_pods, nemelex_xobeh_ov_fountains_minmay,
          serial_shops, nicolae_square_shop, serial_column_ruins,
          column_ruins_corridor_corner, column_ruins_columns_straight,
          column_ruins_open_tiny, column_ruins_columns_straight,
          blue_anna_alchemist, minivault_5, uniq_prince_ribbit1
D:7:      layout_loops_corners
D:8:      layout_basic, kennysheep_cross_bottleneck,
          nicolae_elevator_lobby_plus, uniq_maggie
D:9:      layout_layer_cave, nicolae_overflow_squiral
D:10:     cheibrodos_fzero, layout_cave_pools, uniq_grum
Temple:   eino_temple_rhombus

Skill      XL: |  1  2  3  4  5  6  7  8  9 10 |
---------------+-------------------------------+-----
Fighting       | 2 3 4 5 6 7 8 |  8.6
Unarmed Combat | 4 5 6 7 8 10 11 | 11.1
Shapeshifting  | 4 5 6 7 |  7.8
Invocations    | 2 4 6 |  6.1
Dodging        | |  1.7

Action                     |  1- 3 |  4- 6 |  7- 9 | 10-12 || total
---------------------------+-------+-------+-------+-------++-------
  Melee: Unarmed           |   103 |   120 |   289 |   136 ||   648
         Tailslap          |    10 |    11 |    45 |    15 ||    81
         Punch             |       |     5 |    17 |     8 ||    30
  Throw: Dart              |       |    21 |     5 |       ||    26
 Invoke: Heroism           |       |       |     1 |     1 ||     2
  Evoke: Wand              |       |     7 |     3 |       ||    10
    Use: Scroll            |       |     8 |     7 |       ||    15
         Potion            |       |       |     1 |     1 ||     2
   Stab: Sleeping          |     1 |       |       |     2 ||     3
 Armour: Skin              |    56 |    71 |   185 |   138 ||   450
  Dodge: Dodged            |    68 |    61 |   191 |   117 ||   437

Table legend: (Time is in decaauts)
 A = Elapsed time spent in this place.
 B = Non-inter-level travel time spent in this place.
 C = Inter-level travel time spent in this place.
 D = Time resting spent in this place.
 E = Time spent auto-exploring this place.
 F = Levels seen in this place.
 G = Mean time per level.
                   A        B        C        D        E       F      G
               +--------+--------+--------+--------+--------+-----+--------+
         Total |   8582 |   8134 |    448 |   1088 |   5770 |  11 |  780.2 |
       Dungeon |   8550 |   8132 |    418 |   1088 |   5770 |  10 |  855.0 |
        Temple |     31 |      1 |     30 |      0 |      0 |   1 |   31.0 |
               +--------+--------+--------+--------+--------+-----+--------+

Top non-repeatable levels by time:
     D:9: 1609 daAuts
     D:6: 1030 daAuts
     D:3: 1018 daAuts
     D:4: 1007 daAuts
     D:8: 1001 daAuts
     D:7: 928 daAuts
     D:1: 775 daAuts
     D:5: 620 daAuts
     D:2: 538 daAuts
  Temple: 31 daAuts
    D:10: 20 daAuts
